AoeStats
← QC FENIX

Black Forest

510194101Analyzed
4v4 RM · 3d ago on Sep 29, 2026· 30m 9s· 8 players
Game mode
Random Map
Map size
Large (8 player)
Population
200
Speed
Normal
Resources
Standard
Victory
Conquest
Starting age
Dark Age
Ending age
Imperial Age
RankedLock teamsTeams togetherTeam positionsShared explorationLock speedFull tech treeHidden civsTurbo modeCheats
Victory
Defeat
🇷🇺 Khmer · Russia
750
+15
🇷🇺 Huns · Russia
742
+15
740
+15
🇨🇦 Britons · Canada
703
+17
🇦🇷 Huns · Argentina
784
-17
🇦🇷 Romans · Argentina
775
-18
🇲🇽 Huns · Mexico
675
-14
🇲🇽 Khmer · Mexico
650
-13
Noobburner
4:05 Loom
14:02 Feudal Age
16:05 Wheelbarrow
15:18 Double-Bit Axe
15:14 Horse Collar
15:28 Gold Mining
19:47 Castle Age
20:43 Hand Cart
20:30 Heavy Plow
20:42 Bow Saw
27:16 Forging
27:11 Scale Barding Armor
30:22 Iron Casting
30:07 Chain Barding Armor
o.petos
1:27 Loom
12:17 Feudal Age
13:28 Double-Bit Axe
15:35 Wheelbarrow
22:26 Castle Age
21:13 Gold Mining
21:15 Stone Mining
21:25 Horse Collar
24:00 Bow Saw
26:12 Fortified Wall
26:21 Caravan
26:52 Town Watch
27:59 Fervor
30:02 Hand Cart
30:08 Heavy Plow
shprot
12:16 Feudal Age
11:12 Loom
15:31 Castle Age
13:30 Horse Collar
16:31 Double-Bit Axe
18:44 Heavy Plow
26:11 Heavy Plow
26:23 Bow Saw
28:01 Wheelbarrow
31:26 Imperial Age
Leléu Antônio da Anunciação
13:12 Feudal Age
14:17 Wheelbarrow
13:33 Double-Bit Axe
16:24 Bow Saw
18:44 Horse Collar
23:14 Castle Age
26:14 Hand Cart
28:53 Burgundian Vineyards
29:10 Caravan
Karma KoS
0:56 Loom
12:07 Feudal Age
21:39 Double-Bit Axe
22:18 Horse Collar
27:11 Castle Age
QC FENIX
0:33 Loom
14:34 Feudal Age
16:01 Wheelbarrow
15:17 Double-Bit Axe
15:17 Horse Collar
24:10 Castle Age
25:19 Hand Cart
25:51 Bow Saw
MR
0:26 Loom
11:18 Feudal Age
12:04 Double-Bit Axe
17:22 Castle Age
15:09 Horse Collar
16:37 Wheelbarrow
18:24 Bow Saw
18:17 Heavy Plow
27:57 Gold Mining
27:57 Stone Mining
29:36 Scale Barding Armor
29:41 Forging
29:32 Scale Mail Armor
fedetiberio
5:10 Loom
14:03 Feudal Age
15:27 Town Watch
15:55 Double-Bit Axe
19:03 Wheelbarrow
20:46 Horse Collar
21:04 Stone Mining
21:06 Gold Mining
24:00 Castle Age
24:44 Town Patrol
25:11 Bow Saw
25:04 Heavy Plow
26:34 Gold Shaft Mining
26:18 Hand Cart
26:51 Murder Holes
27:18 Ballistics
27:57 Fervor
28:11 Masonry
29:47 Fortified Wall
Connection lost

Rejoining the realm…

Still unreachable

The connection could not be restored.

Session expired

The server has moved on; the page needs a fresh start.